cohdb
Replays
Latest Replays
All Replays
Popular Replays
Top Player Replays
Match Explorer
How It Works
Community
CoH3 Stats
Reddit
Sign in to upload your games and track your stats! →
Sign in with Steam
Match 32492276
Unlisted
Match 32492276
Overview
Messages
Build Orders
End
Kettenkrad Recon Vehicle
Construct Infanterie Kompanie
Grenadier Squad
Grenadier Squad
Selects Breakthrough Battlegroup
Selects Assault Grenadiers
Sniper
Grenadier Squad
Construct Panzergrenadier Kompanie
Pak 40 Anti-tank Gun Team
Selects Smoke Bombing Run
Selects Mechanized Assault Group
Mechanized Assault Group
Construct Panzer Kompanie
Panzer IV Medium Tank
Panzer Officer Quarters
Stoßtruppen Squad
Selects 2.5-tonne Cargo Truck
Selects Blitzkrieg
Smoke Bombing Run
MaXiS
Mase316 | ♥
0
0
Comments
sign in to comment!
No comments posted yet!